[Event "Titled Tuesday Blitz December 7 2021"]
[White "Narayanan, Srinath"]
[Black "Myshakov, Fyodor"]
[WhiteFideId "5018420"]
[BlackFideId "14111284"]
[WhiteElo "2472"]
[BlackElo "2310"]
[Result "0-1"]
[Round "09"]
[TimeControl "180+1"]
[Date "2021.12.07"]
[WhiteClock "0:00:28"]
[BlackClock "0:00:17"]

1. Nf3 d5 2. c4 c6 3. d4 Nf6 4. e3 Bg4 5. Nc3 e6 6. h3 Bh5 7. Bd3 dxc4 8. Bxc4 Be7 9. Be2 O-O 10. O-O Nbd7 11. e4 Nb6 12. Bf4 c5 13. Re1 Bxf3 14. Bxf3 Qxd4 15. Qxd4 cxd4 16. Nb5 Rfd8 17. Red1 d3 18. Rac1 Ne8 19. e5 a6 20. Nc7 Nxc7 21. Rxc7 Rd7 22. Rxb7 Rxb7 23. Bxb7 Ra7 24. Be4 Rc7 25. Bxd3 Nd5 26. Bd2 Rd7 27. Bxa6 Nb4 28. Bc4 Bg5 29. a3 Rxd2 30. Rxd2 Bxd2 31. axb4 Bxb4 32. Kf1 g5 33. Ke2 Bc5 34. f3 Bd4 35. b4 Bxe5 36. b5 Kf8 37. b6 Ke7 38. b7 Kd7 39. Bd3 h6 40. g4 Kc7 41. Be4 f5 42. gxf5 exf5 43. Bd5 Bf4 44. Kd3 h5 45. Kd4 h4 46. Kc4 Kb8 47. Kc5 Bg3 48. Kc6 Bf4 49. Kd7 Bc1 50. Ke6 Bf4 51. Kxf5 Bc1 52. Ke4 Bf4 53. Kd3 Bc1 54. Kc2 Bf4 55. Kd1 Be3 56. Ke2 Bf4 57. Be4 Be5 58. Kd3 Bf4 59. Kc4 Bc1 60. Kd4 Bf4 61. Kd5 Bc1 62. Ke6 Bf4 63. Kf5 Bc1 64. Kg4 Bf4 65. Kh5 Bc1 66. Kg6 Bf4 67. Bc6 Bc1 68. Kf5 Bf4 69. Ke4 Bc1 70. Kd3 Bf4 71. Ke2 Bg3 72. Kd1 Bf4 73. Kc2 Bg3 74. Kd3 Bf4 75. Ke4 Bg3 76. Ke3 Bf4+ 77. Kd3 Kc7 78. Ke4 Kxc6 79. Kf5 Kxb7 80. Ke4 Kc6 81. Kd4 Kd6 82. Ke4 Kc5 83. Kd3 Kd5 84. Kc3 Be5+ 85. Kd3 Bd4 86. Ke2 Ke5 87. Kd3 Ba7 88. Ke2 Kf4 0-1


[Site "https://www.chess.com"]

[Event "Titled Tuesday Blitz December 7 2021"]
[White "Nazaretyan, Tigran"]
[Black "Mikhailovsky, Vladimir"]
[WhiteFideId "24162345"]
[BlackFideId "34105414"]
[WhiteElo "2192"]
[BlackElo "2409"]
[Result "1/2-1/2"]
[Round "09"]
[TimeControl "180+1"]
[Date "2021.12.07"]
[WhiteClock "0:00:12"]
[BlackClock "0:00:03"]

1. d4 Nf6 2. c4 e6 3. Nf3 d5 4. Nc3 Bb4 5. Qa4+ Nc6 6. e3 O-O 7. Bd2 Qe7 8. a3 Bxc3 9. Bxc3 Ne4 10. Rc1 Nxc3 11. Rxc3 Bd7 12. Qc2 Qd6 13. c5 Qe7 14. b4 e5 15. b5 Nxd4 16. Nxd4 exd4 17. Rb3 dxe3 18. Rxe3 Qf6 19. Bd3 Rfe8 20. O-O Rxe3 21. fxe3 Qh6 22. Rf4 Be6 23. Qf2 g6 24. h4 Rd8 25. Qg3 Qg7 26. Rd4 Rd7 27. c6 bxc6 28. bxc6 Rd6 29. Bb5 Qf6 30. h5 Kg7 31. Qh2 Qg5 32. Rf4 d4 33. h6+ Kg8 34. Qh4 Qxb5 35. Qf6 Kf8 36. Qg7+ Ke7 37. Qf6+ Ke8 38. Qh8+ Ke7 39. Qf6+ Ke8 40. Qh8+ Ke7 41. Qf6+ 1/2-1/2


[Site "https://www.chess.com"]

[Event "Titled Tuesday Blitz December 7 2021"]
[White "Nazari, Arad"]
[Black "Bologan, Victor"]
[WhiteFideId "12577324"]
[BlackFideId "13900048"]
[WhiteElo "2119"]
[BlackElo "2472"]
[Result "1/2-1/2"]
[Round "09"]
[TimeControl "180+1"]
[Date "2021.12.07"]
[WhiteClock "0:00:05"]
[BlackClock "0:00:26"]

1. e4 e5 2. Nf3 Nc6 3. Bb5 a6 4. Bxc6 dxc6 5. O-O Qf6 6. d4 exd4 7. Qxd4 Qxd4 8. Nxd4 Bd7 9. Nc3 O-O-O 10. Be3 Re8 11. Rad1 Bb4 12. Nde2 f5 13. exf5 Bxf5 14. Rd2 Nf6 15. a3 Bd6 16. Ng3 Bg6 17. Nce2 Nd5 18. Bd4 Re7 19. c4 Nf4 20. c5 Nxe2+ 21. Nxe2 Be5 22. Bxe5 Rxe5 23. b4 Rhe8 24. Nf4 Bf7 25. h4 h6 26. Rc1 Re4 27. g3 g5 28. hxg5 hxg5 29. Ng2 Re2 30. Rxe2 Rxe2 31. Ne3 Ra2 32. Rc3 Be6 33. f4 gxf4 34. gxf4 Kd7 35. f5 Bf7 36. Rd3+ Ke7 37. Ng4 Bd5 38. Re3+ Kf7 39. Nh6+ Kf6 40. Rg3 Ra1+ 41. Kf2 Rh1 42. Rg6+ Ke5 43. f6 Bc4 44. Kg2 Rf1 45. Ng4+ Kf5 46. Rg7 Rf4 47. Kg3 Bd5 48. Ne3+ Kxf6 49. Kxf4 Kxg7 50. Ke5 Bf7 51. Nf5+ Kf8 52. Kf6 Bb3 53. Ng7 Ba2 54. a4 a5 55. bxa5 Bc4 56. Ne6+ Bxe6 57. Kxe6 Ke8 58. a6 bxa6 59. a5 Kd8 60. Kf7 Kd7 61. Kf6 Kd8 62. Kf7 Kd7 63. Kf6 Kd8 64. Kf7 1/2-1/2


[Site "https://www.chess.com"]

[Event "Titled Tuesday Blitz December 7 2021"]
[White "Nenezic, Marko"]
[Black "Vidit, Santosh Gujrathi"]
[WhiteFideId "912123"]
[BlackFideId "5029465"]
[WhiteElo "2484"]
[BlackElo "2628"]
[Result "0-1"]
[Round "09"]
[TimeControl "180+1"]
[Date "2021.12.07"]
[WhiteClock "0:00:05"]
[BlackClock "0:00:04"]

1. d4 Nf6 2. c4 e6 3. Nf3 d5 4. g3 Bb4+ 5. Bd2 a5 6. Qc2 O-O 7. Bg2 c5 8. dxc5 d4 9. O-O Bxc5 10. Bg5 h6 11. Bxf6 Qxf6 12. Nbd2 Nc6 13. Ne4 Qe7 14. a3 e5 15. Nxc5 Qxc5 16. Nd2 Be6 17. Rac1 f5 18. g4 fxg4 19. Ne4 Qe7 20. c5 a4 21. Nd6 Rf4 22. e3 Rf6 23. Qe4 Kh8 24. Rfe1 dxe3 25. fxe3 h5 26. Red1 Bb3 27. Rd2 Raf8 28. Qd3 h4 29. Qe4 h3 30. Bf1 Qe6 31. Bd3 g6 32. Bb5 Rf3 33. Nxb7 Ne7 34. Rd6 Qf7 35. Qxe5+ Kg8 36. Rd2 Rf2 37. Qd4 Rxd2 38. Qxd2 Bd5 39. e4 Bxb7 40. Bc4 Nd5 41. exd5 Qf3 42. d6+ Kg7 43. c6 Bxc6 44. Bd5 Bxd5 45. Rc7+ Kg8 0-1


[Site "https://www.chess.com"]

[Event "Titled Tuesday Blitz December 7 2021"]
[White "Nilsen, Tobias Lang"]
[Black "Kalogeris, Ioannis"]
[WhiteFideId "1521624"]
[BlackFideId "4239563"]
[WhiteElo "1979"]
[BlackElo "2287"]
[Result "0-1"]
[Round "09"]
[TimeControl "180+1"]
[Date "2021.12.07"]
[WhiteClock "0:01:28"]
[BlackClock "0:00:51"]

1. d4 Nf6 2. c4 e6 3. g3 c5 4. d5 exd5 5. cxd5 d6 6. Bg2 g6 7. Nc3 Bg7 8. Nf3 O-O 9. O-O Nbd7 10. Bf4 Nb6 11. a4 Nh5 12. Bg5 Bf6 13. Bc1 Re8 14. a5 Nc4 15. Qa4 Ne5 16. Nxe5 Bxe5 17. e4 f5 18. exf5 Bxf5 19. Be3 Nf6 20. Rae1 Bd3 21. f4 Bxc3 22. bxc3 Bxf1 23. Kxf1 Ng4 24. Bg1 Rxe1+ 25. Kxe1 Qe7+ 26. Kd2 Re8 27. Qd1 Ne3 28. Bxe3 Qxe3+ 29. Kc2 Qf2+ 30. Kb3 Qxg2 31. f5 Re2 32. Qc1 Qxd5+ 33. c4 Qd3+ 34. Ka4 Ra2+ 35. Kb5 Qb3# 0-1


[Site "https://www.chess.com"]

[Event "Titled Tuesday Blitz December 7 2021"]
[White "Odegov, Artem"]
[Black "Sanchez, Robert"]
[WhiteFideId "34183644"]
[BlackFideId "2034360"]
[WhiteElo "2274"]
[BlackElo "2356"]
[Result "1-0"]
[Round "09"]
[TimeControl "180+1"]
[Date "2021.12.07"]
[WhiteClock "0:00:46"]
[BlackClock "0:00:10"]

1. d4 Nf6 2. c4 e6 3. Nf3 Bb4+ 4. Bd2 a5 5. g3 O-O 6. Bg2 d6 7. O-O Bxd2 8. Qxd2 Nbd7 9. Nc3 e5 10. e4 exd4 11. Nxd4 Nc5 12. Rfe1 Re8 13. Rad1 Bg4 14. f3 Bd7 15. Ndb5 Qc8 16. Qg5 h6 17. Qf4 Be6 18. b3 Bd7 19. Bf1 Ne6 20. Qe3 Ng5 21. Bg2 Bh3 22. Qd2 Re7 23. f4 Ngh7 24. e5 dxe5 25. Rxe5 Rd7 26. Bxh3 Rxd2 27. Bxc8 Rxd1+ 28. Nxd1 Rxc8 29. Re7 Ne8 30. Ne3 Kf8 31. Rd7 Nhf6 32. Rd1 c6 33. Nd6 Nxd6 34. Rxd6 Re8 35. Nf5 Re6 36. Rd8+ Re8 37. Rd3 g6 38. Nd6 Re2 39. a4 h5 40. Nxb7 Ng4 41. h3 Ne3 42. Rd8+ Kg7 43. Nxa5 Nf5 44. Nxc6 Nxg3 45. a5 Kf6 46. a6 Ra2 47. a7 Ne2+ 48. Kf1 Ng3+ 49. Ke1 1-0


[Site "https://www.chess.com"]

[Event "Titled Tuesday Blitz December 7 2021"]
[White "Padmini, Rout"]
[Black "Manukian, Artak"]
[WhiteFideId "5029295"]
[BlackFideId "13301373"]
[WhiteElo "2276"]
[BlackElo "2403"]
[Result "1-0"]
[Round "09"]
[TimeControl "180+1"]
[Date "2021.12.07"]
[WhiteClock "0:02:09"]
[BlackClock "0:01:52"]

1. Nf3 c6 2. g3 d5 3. Bg2 Nf6 4. O-O Bf5 5. d3 Qc8 6. c4 Bh3 7. Nc3 Bxg2 8. Kxg2 e6 9. cxd5 exd5 10. e4 dxe4 11. dxe4 Be7 12. e5 Nfd7 13. Bg5 Bxg5 14. Nxg5 O-O 15. e6 fxe6 16. Nxe6 Re8 17. Qb3 Kh8 18. Rae1 Na6 19. Ng5 h6 20. Nf7+ Kh7 21. Nd6 Ndc5 22. Qc2+ 1-0


[Site "https://www.chess.com"]

[Event "Titled Tuesday Blitz December 7 2021"]
[White "Pakleza, Zbigniew"]
[Black "Rasulov, Vugar"]
[WhiteFideId "1119290"]
[BlackFideId "13402390"]
[WhiteElo "2526"]
[BlackElo "2560"]
[Result "0-1"]
[Round "09"]
[TimeControl "180+1"]
[Date "2021.12.07"]
[WhiteClock "0:00:10"]
[BlackClock "0:00:07"]

1. d4 Nf6 2. Nf3 e6 3. Bf4 Bd6 4. Bg3 O-O 5. Nbd2 Bxg3 6. hxg3 d5 7. e3 c5 8. c3 Qb6 9. Qb3 Nc6 10. Be2 h6 11. O-O Bd7 12. Rfe1 Rfc8 13. Rac1 Be8 14. Qa3 cxd4 15. cxd4 Nb4 16. Qb3 Nd7 17. Rc3 Rxc3 18. bxc3 Nc6 19. c4 Na5 20. Qxb6 Nxb6 21. c5 Na4 22. Rc1 Rc8 23. Nb3 Nc6 24. a3 Kf8 25. Kf1 Ke7 26. Ke1 f6 27. Kd2 Nd8 28. Bd3 b6 29. cxb6 Nxb6 30. Rxc8 Nxc8 31. Nc5 Nb6 32. Kc3 g5 33. g4 h5 34. gxh5 Bxh5 35. Nd2 Be8 36. Ndb3 e5 37. Na5 Nf7 38. Kb4 Nd6 39. Nab7 Ndc4 40. a4 Nb2 41. Bc2 N2c4 42. Bd3 Nd6 43. a5 Nbc8 44. a6 Nb6 45. Na5 e4 46. Be2 f5 47. g3 Kf6 48. Ncb7 Ke7 49. Kc5 Na4+ 50. Kb4 Nb6 51. Kc5 Nf7 52. Nc6+ Bxc6 53. Kxc6 Nd8+ 54. Kc7 Ne6+ 55. Kb8 Kd7 56. Kxa7 Kc7 57. Nc5 Nd8 58. Bb5 Nc8+ 59. Ka8 Nd6 60. Ka7 Nxb5+ 61. Ka8 Nd6 62. Ka7 Nc6+ 63. Ka8 Kb6 64. Nd7+ Kxa6 65. Ne5 Kb6 66. Nd7+ Kc7 67. Nf6 Nb4 68. Nh7 g4 69. Ng5 Kc6 70. Ne6 Kb5 71. Nf4 Kc4 72. Kb8 Nd3 73. Kc7 Nb5+ 74. Kd7 Nxf2 75. Ke6 Nd1 76. Ng2 Kd3 77. Nf4+ Kxe3 78. Nxd5+ Kf3 79. Kxf5 Nxd4+ 80. Ke5 Ne2 81. Nf6 Nxg3 82. Nd5 e3 83. Kd4 e2 0-1


[Site "https://www.chess.com"]

[Event "Titled Tuesday Blitz December 7 2021"]
[White "Papasimakopoulos, Alexandros"]
[Black "Stankovic, Ivan G"]
[WhiteFideId "4244125"]
[BlackFideId "902837"]
[WhiteElo "2394"]
[BlackElo "2195"]
[Result "1-0"]
[Round "09"]
[TimeControl "180+1"]
[Date "2021.12.07"]
[WhiteClock "0:00:10"]
[BlackClock "0:00:08"]

1. d4 d5 2. c4 c6 3. cxd5 cxd5 4. Bf4 Nf6 5. Nc3 Nc6 6. e3 a6 7. Bd3 g6 8. h3 Bg7 9. Nf3 O-O 10. O-O b5 11. Rc1 Bb7 12. Qe2 Rc8 13. a4 b4 14. Nb1 a5 15. Nbd2 Nd7 16. Nb3 e5 17. dxe5 Ncxe5 18. Nxe5 Nxe5 19. Rxc8 Bxc8 20. Bb5 Nc4 21. Nd4 Nd6 22. Nc6 Qf6 23. Be5 Qe6 24. Bxg7 Kxg7 25. Nxa5 Nxb5 26. Qxb5 Ba6 27. Qxb4 Bxf1 28. Kxf1 Rc8 29. Nb3 Qa6+ 30. Kg1 Rc4 31. Qe7 Qe6 32. Qxe6 fxe6 33. Nd4 Kf6 34. b3 Rc1+ 35. Kh2 e5 36. Nb5 Rb1 37. Nc3 Rxb3 38. Nxd5+ Ke6 39. e4 Ra3 40. Nb6 Rb3 41. Nd5 Kd6 42. Ne3 Rb4 43. f3 Rxa4 44. Kg3 h6 45. h4 Ke6 46. Ng4 h5 47. Ne3 Ra1 48. Nc2 Rc1 49. Nb4 Kd6 50. Nd5 Rc5 51. Ne3 Ke6 52. Kf2 Ra5 53. Nc4 Ra2+ 54. Kg3 Rc2 55. Ne3 Re2 56. Nd5 Rd2 57. Ne3 Rd3 58. Kf2 Rd2+ 59. Ke1 Ra2 60. Kf1 Kd6 61. Nc4+ Ke6 62. Kg1 Rc2 63. Ne3 Ra2 64. Nd5 Rd2 65. Ne3 Re2 66. Nc4 Rc2 67. Nb6 Kd6 68. Nd5 Ke6 69. Kh2 Rc1 70. Kh3 Rh1+ 71. Kg3 Rc1 72. Ne3 Re1 73. Kf2 Ra1 74. g4 Ra2+ 75. Kg3 Ra3 76. Nd5 Ra1 77. gxh5 gxh5 78. Ne3 Ra3 79. Nf5 Ra7 80. Kf2 Kf6 81. Ke3 Ra3+ 82. Ke2 Ra1 83. Kf2 Rh1 84. Kg2 Ra1 85. Ng3 Kg6 86. Nf5 Ra2+ 87. Kg3 Ra1 88. Ne7+ Kf6 89. Nd5+ Kg6 90. Ne3 Ra3 91. Nc4 Ra1 92. Nxe5+ Kf6 93. Nd7+ Ke6 94. Nc5+ Ke5 95. Nd3+ Kf6 96. Nf4 Ra5 97. Nd3 Kg6 98. Kf4 Ra1 99. Ne5+ Kf6 100. Nd7+ Ke7 101. Ne5 Kf6 102. Nd3 Rh1 103. Kg3 Rg1+ 104. Kh2 Rd1 105. Nf4 Rf1 106. Kg2 Ra1 107. Nxh5+ Kg6 108. Nf4+ Kf6 109. Kg3 Ke5 110. Ng6+ Kf6 111. h5 Rh1 112. Nf4 Rg1+ 113. Kf2 Rg8 114. Ke3 Kg5 115. e5 Re8 116. Ke4 Ra8 117. Nd5 Kxh5 118. Kf5 Rf8+ 119. Nf6+ Kh6 120. e6 Ra8 121. e7 Ra5+ 122. Kf4 Ra6 123. e8=Q 1-0


[Site "https://www.chess.com"]

[Event "Titled Tuesday Blitz December 7 2021"]
[White "Paravyan, David"]
[Black "Durarbayli, Vasif"]
[WhiteFideId "4194985"]
[BlackFideId "13402935"]
[WhiteElo "2656"]
[BlackElo "2599"]
[Result "1-0"]
[Round "09"]
[TimeControl "180+1"]
[Date "2021.12.07"]
[WhiteClock "0:00:17"]
[BlackClock "0:00:02"]

1. e4 c5 2. Nf3 d6 3. d4 cxd4 4. Nxd4 Nf6 5. Nc3 Nc6 6. Bg5 Qb6 7. Bxf6 gxf6 8. Nb3 f5 9. Bd3 fxe4 10. Bxe4 Bg7 11. O-O Bxc3 12. bxc3 Be6 13. Rb1 Qc7 14. Nd4 Rc8 15. Nxe6 fxe6 16. Qg4 Nd8 17. Qh5+ Kd7 18. Rfd1 Qc5 19. Qe2 b6 20. a4 Rc7 21. g3 h5 22. h4 Rf8 23. Kg2 Kc8 24. Rb5 Qc4 25. Qxc4 Rxc4 26. Bg6 Rg8 27. Bh7 Rh8 28. Rxh5 Rxa4 29. Bg6 Rg8 30. Rg5 Kc7 31. Rh1 e5 32. Bf5 Rh8 33. h5 e6 34. Rg7+ Kc6 35. Bg6 d5 36. h6 Kd6 37. h7 e4 38. Rg8 Rxh7 39. Rxh7 Nc6 40. Be8 Ra2 41. Rd7+ Ke5 42. Rg5+ Kf6 43. Rg6+ Kf5 44. Rh7 Ne5 45. Rh5# 1-0


[Site "https://www.chess.com"]

[Event "Titled Tuesday Blitz December 7 2021"]
[White "Peng, Li Min"]
[Black "Abdilkhair, Abilmansur"]
[WhiteFideId "14112620"]
[BlackFideId "13716417"]
[WhiteElo "2412"]
[BlackElo "2063"]
[Result "1-0"]
[Round "09"]
[TimeControl "180+1"]
[Date "2021.12.07"]
[WhiteClock "0:01:14"]
[BlackClock "0:01:27"]

1. d4 d5 2. c4 dxc4 3. Nf3 Nf6 4. e3 Bg4 5. Bxc4 e6 6. O-O a6 7. Be2 c5 8. Nc3 Nc6 9. h3 Bh5 10. Ne5 cxd4 11. Nxc6 bxc6 12. exd4 Bxe2 13. Qxe2 Qxd4 14. Rd1 Qb4 15. a3 Qb3 16. Rd3 Qc4 17. Rd8+ 1-0


[Site "https://www.chess.com"]

[Event "Titled Tuesday Blitz December 7 2021"]
[White "Perez Gormaz, Matias"]
[Black "Chan, Kim Yew"]
[WhiteFideId "3406342"]
[BlackFideId "5717981"]
[WhiteElo "2352"]
[BlackElo "2206"]
[Result "0-1"]
[Round "09"]
[TimeControl "180+1"]
[Date "2021.12.07"]
[WhiteClock "0:00:02"]
[BlackClock "0:00:09"]

1. e4 c5 2. Nf3 e6 3. g3 d5 4. exd5 exd5 5. d4 Nc6 6. Bg2 Bg4 7. O-O cxd4 8. h3 Bxf3 9. Qxf3 Nf6 10. Bg5 Be7 11. Bxf6 Bxf6 12. Re1+ Kf8 13. Qxd5 Qxd5 14. Bxd5 Rc8 15. a3 Ne5 16. Be4 Nc4 17. b3 Nd6 18. Bd3 g6 19. Nd2 Kg7 20. Kg2 h5 21. Kf3 Rhe8 22. h4 Kf8 23. Rad1 Rxe1 24. Rxe1 Re8 25. Rg1 b6 26. b4 Re5 27. Nb3 Re7 28. Rd1 Rc7 29. Kf4 Rc3 30. Re1 Nc4 31. Ke4 Nxa3 32. Nxd4 Rc8 33. Ne2 Nxc2 34. Rb1 Re8+ 35. Kf3 Nd4+ 36. Nxd4 Bxd4 37. Rc1 a5 38. bxa5 bxa5 39. Rc7 Re7 40. Rc8+ Kg7 41. Ra8 Re5 42. Bc4 Rf5+ 43. Ke4 Bxf2 44. g4 hxg4 45. h5 g3 46. hxg6 fxg6 47. Ra7+ Kh6 48. Ra6 g2 49. Bd3 g1=Q 0-1


[Site "https://www.chess.com"]

[Event "Titled Tuesday Blitz December 7 2021"]
[White "Piesik, Piotr"]
[Black "Pranav, V"]
[WhiteFideId "1136194"]
[BlackFideId "25060783"]
[WhiteElo "2336"]
[BlackElo "2351"]
[Result "0-1"]
[Round "09"]
[TimeControl "180+1"]
[Date "2021.12.07"]
[WhiteClock "0:00:18"]
[BlackClock "0:00:48"]

1. Nf3 Nf6 2. g3 d5 3. Bg2 c6 4. O-O Bg4 5. d3 Nbd7 6. Nbd2 e5 7. e4 Bd6 8. h3 Bh5 9. Qe1 O-O 10. Nb3 Re8 11. Nh4 Bg6 12. Nxg6 hxg6 13. a4 a5 14. Bd2 b6 15. Qe2 Nf8 16. exd5 cxd5 17. c4 dxc4 18. Bxa8 Qxa8 19. dxc4 Qc8 20. Kh2 Ne6 21. Be3 Qc6 22. Rfd1 Bc7 23. c5 bxc5 24. Qc4 Rb8 25. Nxc5 Nd4 26. Bxd4 exd4 27. Qxd4 Bb6 28. Qf4 Bc7 29. Qd4 Rb4 30. Qc3 Rh4 31. Rd4 Be5 32. Rd8+ Kh7 33. Qxe5 Ng4+ 34. Kg1 Nxe5 35. gxh4 Qxc5 36. Rad1 Nf3+ 37. Kf1 Qc4+ 38. Kg2 Nxh4+ 39. Kg3 Qe4 40. R1d4 Nf5+ 0-1


[Site "https://www.chess.com"]

[Event "Titled Tuesday Blitz December 7 2021"]
[White "Popadic, Dragan"]
[Black "Hamley, Ryan"]
[WhiteFideId "913650"]
[BlackFideId "30959497"]
[WhiteElo "2177"]
[BlackElo "2556"]
[Result "0-1"]
[Round "09"]
[TimeControl "180+1"]
[Date "2021.12.07"]
[WhiteClock "0:00:01"]
[BlackClock "0:00:02"]

1. e4 c5 2. Nc3 d6 3. f4 g6 4. Nf3 Bg7 5. Bc4 e6 6. d3 Ne7 7. O-O O-O 8. Qe1 a6 9. a4 Nbc6 10. f5 gxf5 11. Qh4 Ng6 12. Qh5 fxe4 13. dxe4 Nce5 14. Nxe5 dxe5 15. Be3 b6 16. Rad1 Qe7 17. Bg5 f6 18. Be3 Bb7 19. Rf3 Rf7 20. Rdf1 Rd8 21. Rh3 Bf8 22. Rg3 Bg7 23. h4 Rd4 24. Bxd4 exd4 25. Ne2 Bxe4 26. Bd3 Bxd3 27. cxd3 Qd6 28. Rxg6 hxg6 29. Qxg6 Qe5 30. Nf4 Kf8 31. Qg4 Qe3+ 32. Kh1 Bh6 33. Nxe6+ Ke7 34. Nc7 Qe5 35. Qc8 Kd6 36. Ne8+ Ke7 37. Nc7 Kd6 38. Nxa6 Be3 39. Qb8+ Kd5 40. Qd8+ Qd6 41. Qxd6+ Kxd6 42. a5 bxa5 43. Ra1 Rh7 44. g3 Ra7 0-1


[Site "https://www.chess.com"]

[Event "Titled Tuesday Blitz December 7 2021"]
[White "Przybylski, Wojciech"]
[Black "Makhmudov, Shukhrat"]
[WhiteFideId "1117599"]
[BlackFideId "14200775"]
[WhiteElo "2247"]
[BlackElo "2135"]
[Result "0-1"]
[Round "09"]
[TimeControl "180+1"]
[Date "2021.12.07"]
[WhiteClock "0:00:16"]
[BlackClock "0:00:14"]

1. e4 e5 2. Nf3 Nc6 3. Bb5 a6 4. Ba4 Nf6 5. O-O Be7 6. Re1 b5 7. Bb3 O-O 8. d4 d6 9. c3 Bb7 10. a4 b4 11. d5 Na5 12. cxb4 Nxb3 13. Qxb3 c6 14. Nc3 cxd5 15. exd5 Rb8 16. Be3 Qd7 17. h3 h6 18. b5 axb5 19. axb5 Ba8 20. Ra7 Rb7 21. Rea1 Rxa7 22. Rxa7 Bb7 23. Nd2 Ra8 24. Rxa8+ Bxa8 25. Qc4 Qb7 26. Qc6 Qb8 27. Qc4 Bb7 28. Nde4 Nd7 29. g4 Kh7 30. Ng3 g6 31. h4 Bxh4 32. Nge4 Be7 33. g5 Qd8 34. gxh6 f5 35. Ng3 f4 36. Nge4 fxe3 37. fxe3 Nf6 38. Kf2 Nxe4+ 39. Qxe4 Qf8+ 40. Ke2 Qf5 41. Kd3 Kxh6 42. Na4 Bxd5 43. Qxf5 gxf5 44. Nc3 Bb7 45. Kc4 Kg5 46. b6 Bc6 47. b4 Bd8 48. b5 Bb7 49. Na4 Kf6 50. Kd3 Ke6 51. Kc4 d5+ 52. Kd3 Kd6 53. Kc3 f4 54. exf4 exf4 55. Kd4 Bf6+ 56. Kd3 Ke5 57. Nc5 Bd8 58. Nxb7 Bxb6 59. Kd2 Ke6 60. Kd3 Kd7 61. Nc5+ Bxc5 62. Kd2 Kc7 63. Kd3 Kb6 64. Kd2 Kxb5 65. Ke2 Kc4 66. Kf3 Kc3 67. Ke2 d4 68. Kf3 d3 69. Kg2 Kc2 70. Kh1 Be3 71. Kg2 d2 72. Kf3 d1=Q+ 73. Ke4 Qe2 74. Kf5 f3 75. Kg4 f2+ 76. Kh3 f1=Q+ 77. Kg3 Qeg2+ 78. Kh4 Qfh1# 0-1


[Site "https://www.chess.com"]

[Event "Titled Tuesday Blitz December 7 2021"]
[White "Santos Flores, Alberto"]
[Black "Kim, Sergey"]
[WhiteFideId "3601234"]
[BlackFideId "13700570"]
[WhiteElo "2293"]
[BlackElo "2583"]
[Result "1/2-1/2"]
[Round "09"]
[TimeControl "180+1"]
[Date "2021.12.07"]
[WhiteClock "0:00:14"]
[BlackClock "0:00:17"]

1. e4 e5 2. Nf3 Nc6 3. Bc4 Bc5 4. c3 Nf6 5. d3 d6 6. O-O a6 7. a4 Ba7 8. Nbd2 O-O 9. h3 Be6 10. Re1 h6 11. Ba2 Bxa2 12. Rxa2 Nh5 13. Nf1 Qf6 14. Be3 Nf4 15. Bxf4 Qxf4 16. Qd2 Qf6 17. Ng3 Ne7 18. b4 Ng6 19. Nf5 Nf4 20. Kh2 Kh7 21. g3 Ne6 22. Kg2 Rad8 23. d4 Rfe8 24. d5 Nf8 25. c4 c6 26. Rc2 Ng6 27. h4 Kg8 28. h5 Ne7 29. N3h4 Kh7 30. Nxe7 Rxe7 31. Nf5 Ree8 32. b5 cxb5 33. axb5 Bc5 34. bxa6 bxa6 35. Ra2 Ra8 36. Rea1 Reb8 37. Rxa6 Rxa6 38. Rxa6 Rb4 39. Qa2 g6 40. hxg6+ Qxg6 41. Ra8 Qg4 42. Qc2 Rb7 43. Rd8 Rb6 44. Rd7 Kg8 45. Rd8+ Kh7 46. Qd3 Rb2 47. Ne3 Qg5 48. Rd7 Bxe3 49. Rxf7+ Kg8 50. Rf5 Rxf2+ 51. Rxf2 Bxf2 52. Kxf2 Qf6+ 53. Qf3 Qd8 54. Qf5 Qb6+ 55. Kf3 Qb3+ 56. Kg4 Qd1+ 57. Qf3 Qd4 58. Kf5 Qxc4 59. Qg4+ Kf8 60. Qg6 Qc8+ 61. Kf6 Qd8+ 62. Ke6 Qe7+ 63. Kf5 Qd7+ 64. Qe6 Qh7+ 65. Qg6 Qd7+ 66. Qe6 Qh7+ 67. Qg6 Qd7+ 1/2-1/2


[Site "https://www.chess.com"]

[Event "Titled Tuesday Blitz December 7 2021"]
[White "Savchenko, Boris"]
[Black "Leitao, Rafael"]
[WhiteFideId "4147332"]
[BlackFideId "2101246"]
[WhiteElo "2499"]
[BlackElo "2609"]
[Result "1-0"]
[Round "09"]
[TimeControl "180+1"]
[Date "2021.12.07"]
[WhiteClock "0:00:12"]
[BlackClock "0:00:10"]

1. e4 e5 2. Nf3 Nc6 3. Bc4 Nf6 4. d3 h6 5. c3 d6 6. Nbd2 g6 7. Nf1 Bg7 8. Ng3 O-O 9. O-O d5 10. exd5 Nxd5 11. Re1 a6 12. a4 Be6 13. a5 Nf4 14. Bxf4 exf4 15. Bxe6 fxg3 16. Bc4 gxf2+ 17. Kxf2 Ne5 18. Rxe5 Bxe5 19. Nxe5 Qf6+ 20. Nf3 Rae8 21. h3 g5 22. Qd2 Kg7 23. Kg1 Qd6 24. d4 f6 25. b4 Re7 26. Re1 Rfe8 27. Rxe7+ Qxe7 28. Bd3 Qe3+ 29. Kf1 Qxd2 30. Nxd2 Re3 31. Be4 c6 32. c4 h5 33. Kf2 Rc3 34. c5 g4 35. hxg4 hxg4 36. Ke2 Kf8 37. d5 f5 38. dxc6 bxc6 39. Bxc6 Ke7 40. Bb7 f4 41. Bxa6 Re3+ 42. Kd1 f3 43. gxf3 g3 44. Bf1 Ra3 45. f4 Ra1+ 46. Ke2 Ra2 47. b5 Rxa5 48. Kf3 Ra2 49. Ne4 Ra3+ 50. Kg2 Re3 51. Nxg3 Rc3 52. c6 1-0


[Site "https://www.chess.com"]

[Event "Titled Tuesday Blitz December 7 2021"]
[White "Seletsky, Grigory"]
[Black "Barria Zuniga, Daniel"]
[WhiteFideId "14112191"]
[BlackFideId "3400816"]
[WhiteElo "2492"]
[BlackElo "2414"]
[Result "1/2-1/2"]
[Round "09"]
[TimeControl "180+1"]
[Date "2021.12.07"]
[WhiteClock "0:00:33"]
[BlackClock "0:00:09"]

1. e4 g6 2. d4 Bg7 3. Nc3 c5 4. d5 d6 5. Bb5+ Bd7 6. a4 Bxb5 7. axb5 Nf6 8. Nf3 O-O 9. O-O Nbd7 10. h3 Nb6 11. Re1 Ne8 12. Bf4 Nc7 13. Qd3 Qd7 14. Rab1 c4 15. Qd2 Nxb5 16. Nxb5 Qxb5 17. Bh6 a5 18. Bxg7 Kxg7 19. Qd4+ f6 20. Ng5 Rfc8 21. Ne6+ Kh8 22. h4 Nd7 23. h5 Nf8 24. Nxf8 Rxf8 25. hxg6 hxg6 26. Re3 Kg7 27. Rh3 Rh8 28. Rxh8 Rxh8 29. Ra1 Qb4 30. g3 a4 31. Kg2 b5 32. Qa7 Rf8 33. Qxe7+ Rf7 34. Qe8 Rf8 35. Qe7+ Rf7 36. Qe8 Rf8 37. Qe7+ 1/2-1/2


[Site "https://www.chess.com"]

[Event "Titled Tuesday Blitz December 7 2021"]
[White "Shkapenko, Pavel"]
[Black "Sviridov, Valery"]
[WhiteFideId "4151933"]
[BlackFideId "4120680"]
[WhiteElo "2386"]
[BlackElo "2454"]
[Result "1/2-1/2"]
[Round "09"]
[TimeControl "180+1"]
[Date "2021.12.07"]
[WhiteClock "0:00:05"]
[BlackClock "0:00:23"]

1. e4 e5 2. Nf3 Nc6 3. Bc4 Nf6 4. Ng5 d5 5. exd5 b5 6. Bf1 Nd4 7. c3 Nxd5 8. Ne4 Ne6 9. Bxb5+ Bd7 10. Bxd7+ Qxd7 11. d4 exd4 12. cxd4 Be7 13. O-O O-O 14. Nbc3 Rab8 15. Re1 Rb4 16. Nxd5 Qxd5 17. Nc3 Qxd4 18. Qxd4 Rxd4 19. Be3 Rd7 20. Rad1 Rxd1 21. Rxd1 Bf6 22. Rc1 Rd8 23. Kf1 a6 24. Rc2 h5 25. Ne4 Be7 26. Rd2 Rb8 27. Nc3 Bf6 28. Ke2 Bxc3 29. bxc3 Kf8 30. Rd5 Rb2+ 31. Rd2 Rb5 32. c4 Ra5 33. Kd3 Ra3+ 34. Ke4 Ke7 35. h3 Rc3 36. Kd5 Kd7 37. g4 h4 38. c5 g6 39. Ke5+ Ke7 40. Kd5 f5 41. gxf5 gxf5 42. c6 f4 43. Ba7 Kf6 44. Re2 Rd3+ 45. Ke4 Rxh3 46. Rd2 Rc3 47. Kd5 h3 48. Rd1 Rc2 49. Rh1 Rc3 50. Bd4+ Nxd4 51. Kxd4 Ra3 52. Ke4 Kg5 53. Rg1+ Kf6 54. Kxf4 Rxa2 55. Kg3 Ra3+ 56. Kh2 Rc3 57. Rd1 Ke6 58. Ra1 Rxc6 59. Kxh3 Ke5 60. Kg3 Rg6+ 61. Kf3 c5 62. Ke3 Kd5 63. Rd1+ Kc4 64. f4 Re6+ 65. Kf3 a5 66. f5 Rc6 67. Ke4 a4 68. Rc1+ Kb4 69. Kd5 Rc8 70. Rb1+ Kc3 71. Rc1+ Kb2 72. Rxc5 Rd8+ 73. Ke6 a3 74. Ra5 Re8+ 75. Kf7 Re3 76. f6 a2 77. Rxa2+ Kxa2 78. Kg8 Rg3+ 79. Kf8 Rf3 80. f7 Re3 81. Kg8 Rf3 82. f8=Q Rxf8+ 83. Kxf8 1/2-1/2


[Site "https://www.chess.com"]